 Dungeon Crawl Stone Soup version 0.23-a0-607-g760965b7 (webtiles) character file.

126 zishaf the Chopper (level 5, -4/47 HPs)
             Began as a Hill Orc Monk on Dec 20, 2018.
             Slain by a sky beast (6 damage)
             ... on level 3 of the Dungeon.
             The game lasted 00:03:32 (2435 turns).

zishaf the Chopper (Hill Orc Monk)                  Turns: 2435, Time: 00:03:33

Health: -4/47      AC: 10    Str: 18    XL:     5   Next: 10%
Magic:  5/5        EV: 13    Int: 10    God:
Gold:   121        SH:  0    Dex: 18    Spells: 4/4 levels left

rFire    . . .     SeeInvis .   a - +0 hand axe
rCold    . . .     Gourm    .   (no shield)
rNeg     . . .     Faith    .   b - +2 chain mail {rPois}
rPois    +         Spirit   .   (no helmet)
rElec    .         Reflect  .   i - scarf {repulsion}
rCorr    +         Harm     .   (no gloves)
MR       .....                  (no boots)
Stlth    ..........             (no amulet)
HPRegen  0.15/turn              n - ring of resist corrosion
MPRegen  0.09/turn              q - +3 ring of strength

@: confused, agile, repel missiles
A: no striking features
a: no special abilities


You were on level 3 of the Dungeon.
You were not hungry.

You visited 1 branch of the dungeon, and saw 3 of its levels.

You collected 121 gold pieces.

Inventory:

Hand Weapons
 a - a +0 hand axe (weapon)
Missiles
 k - 121 stones (quivered)
Armour
 b - a +2 chain mail of poison resistance (worn)
 i - a scarf of repulsion (worn)
Jewellery
 n - a ring of resist corrosion (left hand)
 q - a +3 ring of strength (right hand)
Wands
 p - a wand of acid (7)
Scrolls
 h - a scroll of remove curse {unknown}
 m - a scroll of teleportation {unknown}
 o - a scroll of amnesia {unknown}
 r - 2 scrolls of enchant armour {unknown}
Potions
 d - 4 potions of curing {unknown}
 f - a potion of cancellation {unknown}
 l - 2 potions of heal wounds
Comestibles
 c - 6 rations


   Skills:
 + Level 4.7 Fighting
 + Level 5.0 Axes
 + Level 2.3 Armour
 - Level 3.0 Dodging
 - Level 1.6 Stealth


You had 4 spell levels left.
You didn't know any spells.
Your spell library contained the following spells:

 Spells                   Type           Power        Failure   Level  Hunger
 Confusing Touch          Hex            #.....       99%         1    ##.....
 Confuse                  Hex            #.......     100%        3    ####...
 Gell's Gravitas          Tloc           #.........   100%        3    ####...
 Petrify                  Tmut/Erth      #.......     100%        4    #####..
 Metabolic Englaciation   Hex/Ice        #.........   100%        5    ######.
 Yara's Violent Unravell  Hex/Tmut       #.........   100%        5    ######.


Dungeon Overview and Level Annotations

Branches:
Dungeon (3/15)

Altars:
Elyvilon
Fedhas
Kikubaaqudgha
Makhleb
Okawaru
Qazlal
Ru
Yredelemnul

Annotations:
D:3 1 transporter, Menkaure


Message History

The sky beast is severely wounded.
The sky beast flickers out of sight!
Deactivating autopickup; reactivate with Ctrl-A.
Something hits you but does no damage.
You closely miss something. Something hits you.
* * * LOW HITPOINT WARNING * * *
Something shocks you.
* * * LOW HITPOINT WARNING * * *
Your chain mail prevents you from hitting something.
Something hits you.
* * * LOW HITPOINT WARNING * * *
Something shocks you.
* * * LOW HITPOINT WARNING * * *
You miss something. Something hits you but does no damage.
It was a potion of ambrosia.
You are confused.
You feel invigorated. Something hits you.
* * * LOW HITPOINT WARNING * * *
Something shocks you.
You die...

#...≈###...## ##
#.).......####...
###...?.........#
######.###..#..#
#..###..##....) #..........#
#...##.....# #####...###....#
#####.@{..#.####.#.....
#.....#####...##.#.....
#########.###########....# ...#
#.........# #......####.......#
#.........###......## #.###....
#.........).........###.##.....
#........)).#............#.#...
#.........#.#.....÷..........#.
#.........._......÷....#.......


There were no monsters in sight!

Vanquished Creatures
  2 adders (D:3)
  An ooze (D:1)
  3 worms
  4 dart slugs
  4 leopard geckos
  3 orcs (D:3)
  4 giant cockroaches
  7 goblins
  11 hobgoblins
  6 jackals
  4 quokkas
  2 ball pythons
  12 bats
  A frilled lizard (D:1)
  4 kobolds
  6 rats (D:2)
74 creatures vanquished.

Notes
Turn   | Place    | Note
-------+----------+-------------------------------------------
     0 | D:1      | zishaf the Hill Orc Monk began the quest for the Orb.
     0 | D:1      | Reached XP level 1. HP: 19/19 MP: 1/1
   154 | D:1      | Reached XP level 2. HP: 24/27 MP: 2/2
   351 | D:1      | Reached skill level 1 in Armour
   353 | D:1      | Reached XP level 3. HP: 7/33 MP: 3/3
   656 | D:1      | Found an iron altar of Okawaru.
  1336 | D:2      | Found a sacrificial altar of Ru.
  1343 | D:2      | Reached XP level 4. HP: 40/40 MP: 4/4
  1542 | D:2      | Found a white marble altar of Elyvilon.
  1940 | D:3      | Found a transporter.
  1940 | D:3      | Found a basalt altar of Yredelemnul.
  1941 | D:3      | Found an ancient bone altar of Kikubaaqudgha.
  1941 | D:3      | Noticed Menkaure
  1948 | D:3      | Found a blossoming altar of Fedhas.
  1960 | D:3      | Found a stormy altar of Qazlal.
  2017 | D:3      | Found a burning altar of Makhleb.
  2022 | D:3      | Reached skill level 5 in Axes
  2048 | D:3      | Reached XP level 5. HP: 39/47 MP: 5/5
  2387 | D:3      | Noticed a sky beast
  2433 | D:3      | HP: 2/47 [something (6)]
  2435 | D:3      | Slain by a sky beast

Vault maps used:
D:1:      kennysheep_arrival_seaside, okawaru_ov_weapons_minmay
D:2:      wander_river, old_standard_altar, lemuel_crystal_altar, first_ration,
          st_stairs_1
D:3:      grunt_temple_overflow_forces_of_nature, gammafunk_temple_of_torment,
          lemuel_crystal_altar

Skill      XL: |  1  2  3  4 |
---------------+-------------+-----
Fighting       | 4 |  4.7
Armour         | 1 2 |  2.3
Dodging        | 3 |  3.0
Axes           | 5 |  5.0
Stealth        | |  1.6

Action                   |  1- 3 |  4- 6 || total
-------------------------+-------+-------++-------
Melee: Hand axe          |   152 |   155 ||   307
  Use: Potion            |       |     3 ||     3
 Stab: Sleeping          |     1 |       ||     1
  Eat: Chunk             |     2 |     3 ||     5
Armor: Robe              |    14 |       ||    14
       Chain mail        |    86 |    93 ||   179
Dodge: Dodged            |    90 |    85 ||   175
       Deflected         |     1 |       ||     1

Table legend:
 A = Non-vault XP
 B = Vault XP
 C = Vault XP percentage of total XP
 D = Non-vault monster count
 E = Vault monster count
 F = Vault count percentage of total count
                 A         B        C        D         E       F
            +---------+---------+-------+---------+---------+-------
      Total |     177 |       4 |   2.2 |      71 |       3 |   4.1
            +---------+---------+-------+---------+---------+-------
        D:1 |      63 |       0 |   0.0 |      28 |       0 |   0.0
        D:2 |      44 |       4 |   8.3 |      21 |       3 |  12.5
        D:3 |      70 |       0 |   0.0 |      22 |       0 |   0.0
            +---------+---------+-------+---------+---------+-------
